 Dungeon Crawl Stone Soup version 0.27.1-34-g3ba077fa99 (webtiles) character file.

Game seed: 16615709642680853592

3063 szrap the Grappler (level 9, -6/79 HPs)
             Began as a Troll Chaos Knight on Jan 27, 2022.
             Was a Plaything of Xom.
             Killed from afar by a steam dragon (19 damage)
             ... with a ball of steam
             ... on level 9 of the Dungeon.
             The game lasted 00:12:15 (6717 turns).

szrap the Grappler (Troll Chaos Knight)             Turns: 6717, Time: 00:12:17

Health: -6/79      AC:  6    Str: 23      XL:     9   Next: 57%
Magic:  8/8        EV: 10    Int: 10      God:    Xom [...*..]
Gold:   482        SH:  0    Dex:  6 (9)  Spells: 8/8 levels left

rFire    . . .     SeeInvis .     - Unarmed
rCold    + . .     Faith    .   (no shield)
rNeg     . . .     Spirit   .   a - +2 robe
rPois    .         Reflect  .   (helmet restricted)
rElec    .         Harm     .   (no cloak)
rCorr    .         Rampage  .   (gloves unavailable)
Will     +....                  (boots unavailable)
Stlth    +.........             r - amulet of regeneration
HPRegen  2.23/turn              i - ring of willpower
MPRegen  0.11/turn              s - ring of protection from cold

@: no status effects
A: large, unfitting armour, claws 3, regeneration 1, shaggy fur 1, tough skin 1,
deterioration 1, frail 1, screaming 1
a: Renounce Religion


You were on level 9 of the Dungeon.
You worshipped Xom.
You were a favourite toy of Xom.
You visited 1 branch of the dungeon, and saw 9 of its levels.

You collected 482 gold pieces.

Inventory:

Missiles
 o - a throwing net (quivered)
Armour
 a - a +2 robe (worn)
Jewellery
 c - an amulet of the acrobat
 i - a ring of willpower (left claw)
 r - an amulet of regeneration (around neck)
 s - a ring of protection from cold (right claw)
Wands
 n - a wand of flame (38)
Scrolls
 d - 6 scrolls of magic mapping
 f - 2 scrolls of enchant weapon
 h - 3 scrolls of amnesia
 l - 3 scrolls of teleportation
Potions
 b - a potion of lignification
 e - 2 potions of heal wounds
 g - 2 potions of magic {unknown}
 j - 2 potions of resistance {unknown}
 k - a potion of mutation {unknown}
 m - 3 potions of attraction
 p - a potion of haste {unknown}


   Skills:
 * Level 5.5 Fighting
 - Level 1.7 Armour
 + Level 5.5 Dodging
 + Level 10.4 Unarmed Combat


You had 8 spell levels left.
You didn't know any spells.
Your spell library contained the following spells:

 Spells                   Type           Power      Damage    Failure   Level
 Conjure Flame            Conj/Fire      0%         6-21      75%         3
 Ignite Poison            Fire/Tmut/Pois 0%         N/A       75%         3
 Sticky Flame             Conj/Fire      0%         2d3       98%         4


Dungeon Overview and Level Annotations

Branches:
Dungeon (9/15)             Temple (0/1) D:5            Lair (0/6) D:9
    Orc: D:9-12

Altars:
Hepliaklqana
Xom

Annotations:
D:4 1 runed translucent door, Crazy Yiuf
D:6 2 transporters, cbfl8's ghost, amateur MiDe


Innate Abilities, Weirdness & Mutations

You are too large for most types of armour.
You have claws for hands.
Your natural rate of healing is unusually fast.
You are covered in fur. (AC +1)
You have tough skin. (AC +1)
Your body sometimes deteriorates upon taking damage.
You are frail. (-10% HP)
You occasionally shout uncontrollably at your foes.


Message History

The killer bee is lightly wounded.
You feel sick.
The killer bee stings you but does no damage.
The killer bee barely misses you.
You feel much better.
You feel sick. The killer bee closely misses you. The killer bee stings you!
You claw the killer bee!
You kill the killer bee!
You feel sick.
You barely miss the steam dragon.
You claw the steam dragon, but do no damage.
You feel sick. The steam dragon breathes steam at you.
The ball of steam misses you.
You claw the steam dragon! Your claw misses the steam dragon.
The steam dragon is moderately wounded.
You are engulfed in a cloud of scalding steam.
You barely miss the steam dragon.
The steam dragon is moderately wounded.
You are engulfed in a cloud of scalding steam.
Your body deteriorates!
You feel clumsy.
You feel sick. The steam dragon barely misses you. The steam dragon claws you.
You closely miss the steam dragon.
The steam dragon is moderately wounded.
You feel sick.
You are no longer poisoned.
The steam dragon bites you! The steam dragon misses you.
You scratch the steam dragon but do no damage.
The steam dragon is moderately wounded.
The steam dragon breathes steam at you. The ball of steam hits you!
* * * LOW HITPOINT WARNING * * *
Your body deteriorates!
You feel clumsy.
You barely miss the steam dragon.
The steam dragon is moderately wounded.
You are engulfed in a cloud of scalding steam.
The steam dragon breathes steam at you. The ball of steam hits you!!
You die...
Xom chuckles heartily!

#.................
#...†.....########
#...#.....#
#...#.....#
####'##.....##
#....#####(..# #....#
#...#
#....#####...######..
#..§§.§@D'...'.......
#....[####...########
#.....# #...# ##....#
#..y# #....#
##...####### ###...(#
#..D........#
#.'....#
#...........#
#.#....#
#....§......##
#.#....#
#....§........


You could see a steam dragon (catching breath).

Vanquished Creatures
  A wyvern (D:9)
  Menkaure (D:4)
  An orc warrior (D:7)
  An ice beast (D:8)
  4 black bears
  A necrophage (D:6)
  2 sky beasts (D:7)
  An ogre (D:5)
  2 centaurs (D:8)
  A phantom (D:6)
  3 bullfrogs
  A gnoll sergeant (D:4)
  A water moccasin zombie (D:7)
  A water moccasin skeleton (D:6)
  9 killer bees
  3 wights (D:8)
  A howler monkey (D:6)
  A centaur zombie (D:8)
  2 bullfrog zombies
  2 hounds
  A centaur skeleton (D:7)
  An orc priest (D:5)
  An iguana (D:7)
  7 orc wizards
  A killer bee zombie (D:5)
  Robin (D:4)
  4 gnolls (D:4)
  9 adders
  A shadow imp (D:5)
  A white imp (D:8)
  An adder skeleton (D:4)
  3 worms
  3 dart slugs
  15 orcs
  9 bats
  6 endoplasms
  2 giant cockroaches
  13 goblins
  6 hobgoblins
  8 jackals
  3 quokkas
  8 ball pythons
  5 frilled lizards
  10 kobolds
  9 rats
167 creatures vanquished.

Vanquished Creatures (collateral kills)
  A sky beast (D:5)
  A wight (D:8)
  A killer bee (D:9)
  A dart slug (D:5)
4 creatures vanquished.

Grand Total: 171 creatures vanquished

Notes
Turn   | Place    | Note
-------+----------+-------------------------------------------
     0 | D:1      | szrap the Troll Chaos Knight began the quest for the Orb.
     0 | D:1      | Reached XP level 1. HP: 22/22 MP: 0/0
   128 | D:1      | XOM: silly message
   135 | D:1      | XOM: divination: detect items
   157 | D:1      | Reached XP level 2. HP: 29/29 MP: 1/1
   301 | D:1      | Reached XP level 3. HP: 36/36 MP: 2/2
   660 | D:2      | XOM: smoke on damage
   669 | D:2      | XOM: god gift: scroll labelled QUARUTUUMAD {god gift}
  1002 | D:2      | XOM: silly message
  1005 | D:2      | Reached XP level 4. HP: 45/45 MP: 3/3
  1133 | D:2      | Reached skill level 4 in Unarmed Combat
  1318 | D:3      | Found a faded altar of an unknown god.
  1348 | D:3      | XOM: 5-stop teleportation journey
  1356 | D:3      | Reached skill level 1 in Armour
  1393 | D:3      | XOM: silly message
  1397 | D:3      | XOM: god gift: 27 stones
  1816 | D:3      | XOM: silly message
  2112 | D:4      | Noticed a black bear
  2117 | D:4      | XOM: confuse monster(s)
  2126 | D:4      | Killed a black bear
  2127 | D:4      | Reached skill level 5 in Unarmed Combat
  2127 | D:4      | Reached XP level 5. HP: 48/53 MP: 4/4
  2162 | D:4      | Reached XP level 6. HP: 43/61 MP: 5/5
  2244 | D:4      | Noticed Robin
  2258 | D:4      | Killed Robin
  2344 | D:4      | XOM: noise
  2365 | D:4      | Found a runed translucent door.
  2366 | D:4      | Noticed Crazy Yiuf
  2450 | D:4      | XOM: summons 4 hostile shadow creatures
  2602 | D:4      | Noticed Menkaure
  2611 | D:4      | Killed Menkaure
  2612 | D:4      | Reached skill level 6 in Unarmed Combat
  2642 | D:4      | Reached XP level 7. HP: 65/67 MP: 6/6
  2647 | D:4      | XOM: enchant monster (good)
  2905 | D:4      | XOM is BORED!
  2905 | D:4      | XOM: stat loss: -3 Str (18/21)
  3087 | D:5      | Entered Level 5 of the Dungeon
  3128 | D:5      | XOM: polymorph orc wizard -> orc wizard
  3183 | D:5      | XOM: cast spell 'Summon Horrible Things'
  3262 | D:5      | Found a staircase to the Ecumenical Temple.
  3271 | D:5      | Reached skill level 7 in Unarmed Combat
  3449 | D:5      | XOM: smoke on damage
  3507 | D:5      | Reached XP level 8. HP: 65/75 MP: 7/7
  3659 | D:5      | XOM: give mutations
  3659 | D:5      | Gained mutation: You are frail. (-10% HP) [Xom's mischief]
  3659 | D:5      | Gained mutation: Your body sometimes deteriorates upon
                  | taking damage. [Xom's mischief]
  3659 | D:5      | Gained mutation: You occasionally shout uncontrollably at
                  | your foes. [Xom's mischief]
  4024 | D:6      | Reached skill level 8 in Unarmed Combat
  4084 | D:6      | Found a transporter.
  4084 | D:6      | Found a transporter.
  4113 | D:6      | Noticed cbfl8's ghost (amateur MiDe)
  4324 | D:6      | XOM: fake destruction
  4551 | D:7      | XOM: god gift: murky green potion {god gift}
  4911 | D:7      | XOM: noise
  4953 | D:7      | Reached skill level 5 in Dodging
  4953 | D:7      | Reached skill level 9 in Unarmed Combat
  5163 | D:7      | Found a hazy altar of Hepliaklqana.
  5335 | D:7      | XOM: confusion (+ monsters)
  5397 | D:8      | Reached XP level 9. HP: 62/76 MP: 8/8
  5633 | D:8      | XOM: scenery: create altars
  5670 | D:8      | XOM: summons 3 friendly demons
  5682 | D:8      | Reached skill level 5 in Fighting
  5730 | D:8      | XOM: god gift: triangular filigree amulet {god gift}
  5787 | D:8      | XOM: draining
  5937 | D:8      | XOM: 1-stop teleportation journey
  5943 | D:8      | Reached skill level 10 in Unarmed Combat
  5972 | D:8      | Noticed a five-headed hydra
  6227 | D:8      | XOM: destruction
  6505 | D:8      | XOM is BORED!
  6671 | D:9      | Found a staircase to the Lair.
  6680 | D:9      | XOM: cast spell 'Summon Mana Viper'
  6717 | D:9      | Killed from afar by a steam dragon

Illustrated notes

Levels and vault maps discovered:
D:1:      dpeg_arrival_round_c, layout_basic, serial_bayou_pond_c
D:2:      minmay_door_path, layout_basic, glass_columns_a, minmay_tiny_reverse_x
D:3:      layout_loops_corners, basic_ecumenical_altar
D:4:      layout_loops_ring, chequers_decorated_corner,
          hangedman_abyss_or_decor_stabs, uniq_crazy_yiuf_cottage,
          uniq_menkaure, uniq_robin
D:5:      layout_layer_cave, temple_fountains, kennysheep_generic_room_14
D:6:      layout_rooms, gammafunk_ghost_hive
D:7:      layout_gridville, nicolae_hepliaklqana_hippocampus
D:8:      layout_cave_pods
D:9:      layout_basic, lair_entry_dummy

Skill      XL: |  1  2  3  4  5  6  7  8  9 |
---------------+----------------------------+-----
Dodging        | 2 3 4 5 |  5.5
Fighting       | 3 4 5 |  5.5
Unarmed Combat | 5 6 7 9 10 | 10.4
Armour         | 1 |  1.7

Action                   |  1- 3 |  4- 6 |  7- 9 || total
-------------------------+-------+-------+-------++-------
Melee: Unarmed           |   145 |   173 |   273 ||   591
       Punch             |     1 |     1 |     5 ||     7
  Use: Scroll            |     2 |     4 |     7 ||    13
       Potion            |       |       |     2 ||     2
 Stab: Sleeping          |     1 |       |     1 ||     2
Armor: Robe              |    68 |    44 |    95 ||   207
Dodge: Dodged            |    89 |   115 |   162 ||   366
